SA
PUT-IN-BAY BC @ SYRACUSE STORM
05/13/2027
 
TOP OF THE 1ST
Put-In-Bay BC batting - Pitching for Syracuse Storm : RHP Collin Ferrer
Pitching: RHP Collin Ferrer
Batting: RHB Francisco Moreno 0-0: Ball
1-0: Ball
2-0: Ball
3-0: Called Strike
3-1: Called Strike
3-2: SINGLE (Flyball, 89S)
Batting: LHB Francisco Alfaro 0-0: Called Strike
0-1: Ball
1-1: Swinging Strike
1-2: Ball
2-2: Ball
3-2: Strikes out swinging
Batting: LHB Tural Bishara 0-0: Ball
1-0: Called Strike
1-1: Ball
2-1: DOUBLE (Line Drive, 89D)
Francisco Moreno to third
Batting: RHB Mark Keys 0-0: Ball
1-0: Ball
2-0: Ball
3-0: Base on Balls
Batting: RHB Sameen Shaw 0-0: Ball
1-0: Foul Ball, location: 2F
1-1: Swinging Strike
1-2: Foul Ball, location: 2F
1-2: Foul Ball, location: 2F
1-2: SINGLE (Line Drive, 6M)
Francisco Moreno scores
Tural Bishara to third
Mark Keys to second
Runner from 3rd tries for Home, SAFE, no throw
Batting: RHB Oscar McMillan Pickoff Throw to Second - Out!
0-0: Ball
1-0: Foul Ball, location: 2F
1-1: Fly out, F8 (Flyball, 8RM)
Top of the 1st over - 2 run(s), 3 hit(s), 0 error(s), 1 left on base; Put-In-Bay 2 - Syracuse 0
BOTTOM OF THE 1ST
Syracuse Storm batting - Pitching for Put-In-Bay BC : RHP José Macías
Pitching: RHP José Macías
Batting: RHB Tom Boyer 0-0: Ball
1-0: Foul Ball, location: 2F
1-1: Swinging Strike
1-2: Foul Ball, location: 2F
1-2: Ball
2-2: Foul Ball, location: 2F
2-2: Ball
3-2: Foul Ball, location: 2F
3-2: Foul Ball, location: 2F
3-2: SINGLE (Line Drive, 6D)
Batting: LHB António Paez 0-0: SINGLE (Line Drive, 34)
Tom Boyer to second
Runner from 2nd tries for 3rd, SAFE, no throw
Batting: RHB Enrique Gómez 0-0: Ball
1-0: Called Strike
1-1: Ball
2-1: Ball
3-1: Base on Balls
António Paez to second
Batting: RHB Tsuginori Kobayashi 0-0: DOUBLE (Line Drive, 78M)
Tom Boyer scores
António Paez scores
Enrique Gómez to third
Batting: RHB António Canales 0-0: SINGLE (Groundball, 56D)
Enrique Gómez scores
Tsuginori Kobayashi to third
Runner from 3rd tries for Home, SAFE, no throw
Batting: RHB Phil Sherman 0-0: Ball
1-0: Called Strike
1-1: Called Strike
1-2: Strikes out looking
Batting: RHB Eduardo Santos 0-0: SINGLE (Flyball, 7LS)
António Canales to second
Batting: RHB Eisse Cals 0-0: Ball
1-0: Swinging Strike
1-1: Foul Ball, location: 2F
1-2: 3-RUN HOME RUN (Flyball, 7D), Distance : 384 ft
Batting: RHB Nicholas Manley 0-0: Called Strike
0-1: Ball
1-1: Foul Ball, location: 2F
1-2: Ground out 5-3 (Groundball, 56S)
Batting: RHB Tom Boyer 0-0: Called Strike
0-1: Foul Ball, location: 2F
0-2: Foul Ball, location: 2F
0-2: Ball
1-2: Ball
2-2: SINGLE (Line Drive, 4D)
Batting: LHB António Paez 0-0: Ball
1-0: Foul Ball, location: 2F
1-1: Swinging Strike
1-2: Strikes out looking
Bottom of the 1st over - 7 run(s), 7 hit(s), 0 error(s), 1 left on base; Put-In-Bay 2 - Syracuse 7
TOP OF THE 2ND
Put-In-Bay BC batting - Pitching for Syracuse Storm : RHP Collin Ferrer
Batting: SHB Eugene Clutch 0-0: SINGLE (Flyball, 7S)
Batting: RHB Edgar Balerio 0-0: Ball
1-0: SINGLE (Line Drive, 89M)
Eugene Clutch to second
Batting: RHB Ryan French 0-0: Ball
1-0: SINGLE (Line Drive, 56)
Eugene Clutch to third
Edgar Balerio to second
Batting: RHB Francisco Moreno 0-0: DOUBLE (Flyball, 89M)
Eugene Clutch scores
Edgar Balerio scores
Ryan French to third
Batting: LHB Francisco Alfaro 0-0: Called Strike
0-1: Ball
1-1: Ball
2-1: Foul Ball, location: 2F
2-2: SINGLE (Groundball, 4D)
Ryan French scores
Francisco Moreno to third
Batting: LHB Tural Bishara 0-0: Ball
1-0: Ball
2-0: Called Strike
2-1: Fly out, F4 (Line Drive, 4)
Batting: RHB Mark Keys 0-0: Ball
1-0: Called Strike
1-1: Ball
2-1: DOUBLE (Line Drive, 7LS)
Francisco Moreno scores
Francisco Alfaro to third
Batting: RHB Sameen Shaw 0-0: Foul Ball, location: 2F
0-1: Ball
1-1: SINGLE (Flyball, 9S)
Francisco Alfaro scores
Mark Keys to third
Pitching: LHP Alfonso Dolton
Batting: RHB Oscar McMillan Pickoff Throw to First - Error! E1
Mark Keys scores
Sameen Shaw to second
0-0: Ball
1-0: Called Strike
Sameen Shaw is caught stealing 3rd base
1-1: Ball
2-1: Ball
3-1: SINGLE (Flyball, 8LS)
Batting: SHB Eugene Clutch 0-0: Ball
1-0: Called Strike
1-1: Ball
2-1: Foul Ball, location: 2F
2-2: Fly out, F7 (Line Drive, 7)
Top of the 2nd over - 6 run(s), 8 hit(s), 1 error(s), 1 left on base; Put-In-Bay 8 - Syracuse 7
BOTTOM OF THE 2ND
Syracuse Storm batting - Pitching for Put-In-Bay BC : RHP José Macías
Batting: RHB Enrique Gómez 0-0: Foul Ball, location: 2F
0-1: Fly out, F8 (Line Drive, 8LM)
Batting: RHB Tsuginori Kobayashi 0-0: Ball
1-0: Swinging Strike
1-1: Foul Ball, location: 2F
1-2: Ground out 4-3 (Groundball, 4)
Batting: RHB António Canales 0-0: Ball
1-0: Swinging Strike
1-1: Ball
2-1: Ball
3-1: Base on Balls
Batting: RHB Phil Sherman 0-0: Called Strike
António Canales is caught stealing 2nd base
Bottom of the 2nd over - 0 run(s), 0 hit(s), 0 error(s), 0 left on base; Put-In-Bay 8 - Syracuse 7
TOP OF THE 3RD
Put-In-Bay BC batting - Pitching for Syracuse Storm : LHP Alfonso Dolton
Batting: RHB Edgar Balerio 0-0: Ball
1-0: DOUBLE (Line Drive, 8RM) - OUT at third base trying to stretch hit.
Batting: RHB Ryan French 0-0: Called Strike
0-1: SINGLE (Flyball, 6MD)
Batting: RHB Francisco Moreno 0-0: Ball
1-0: Called Strike
1-1: Called Strike
1-2: Foul Ball, location: 2F
1-2: Strikes out swinging
Batting: LHB Francisco Alfaro 0-0: Ball
1-0: Ball
2-0: DOUBLE (Groundball, 3L)
Ryan French to third
Runner from 3rd tries for Home, throw and OUT!
Top of the 3rd over - 0 run(s), 3 hit(s), 0 error(s), 1 left on base; Put-In-Bay 8 - Syracuse 7
BOTTOM OF THE 3RD
Syracuse Storm batting - Pitching for Put-In-Bay BC : RHP José Macías
Batting: RHB Phil Sherman 0-0: Called Strike
0-1: Swinging Strike
0-2: Strikes out looking
Batting: RHB Eduardo Santos 0-0: Called Strike
0-1: Swinging Strike
0-2: SINGLE (Line Drive, 7LM)
Batting: RHB Eisse Cals 0-0: Called Strike
0-1: Swinging Strike
0-2: Strikes out looking
Batting: RHB Nicholas Manley 0-0: Foul Ball, location: 2F
0-1: Ground out 4-3 (Groundball, 4M)
Bottom of the 3rd over - 0 run(s), 1 hit(s), 0 error(s), 1 left on base; Put-In-Bay 8 - Syracuse 7
TOP OF THE 4TH
Put-In-Bay BC batting - Pitching for Syracuse Storm : LHP Alfonso Dolton
Batting: LHB Tural Bishara 0-0: Called Strike
0-1: Swinging Strike
0-2: Hit by Pitch
Batting: RHB Mark Keys 0-0: Ball
1-0: Ball
2-0: Ground out 5-3 (Groundball, 56S)
Tural Bishara to second
Batting: RHB Sameen Shaw 0-0: Called Strike
0-1: SINGLE (Groundball, 34S) (infield hit)
Tural Bishara to third
Batting: RHB Oscar McMillan 0-0: Ball
1-0: Called Strike
1-1: Ball
Wild Pitch!
Tural Bishara scores
Sameen Shaw to second
2-1: Called Strike
2-2: Fly out, F7 (Flyball, 78M)
Batting: SHB Eugene Clutch 0-0: Called Strike
0-1: Ball
1-1: SINGLE (Line Drive, 9S)
Sameen Shaw to third
Runner from 3rd tries for Home, throw and OUT!
Top of the 4th over - 1 run(s), 2 hit(s), 0 error(s), 1 left on base; Put-In-Bay 9 - Syracuse 7
BOTTOM OF THE 4TH
Syracuse Storm batting - Pitching for Put-In-Bay BC : RHP José Macías
Batting: RHB Tom Boyer 0-0: Called Strike
0-1: Swinging Strike
0-2: Strikes out swinging
Batting: LHB António Paez 0-0: Foul Ball, location: 2F
0-1: Ball
1-1: Ball
2-1: Fly out, F4 (Popup, 34D)
Batting: RHB Enrique Gómez 0-0: Called Strike
0-1: Foul Ball, location: 2F
0-2: Foul Ball, location: 2F
0-2: DOUBLE (Line Drive, 78M)
Batting: RHB Tsuginori Kobayashi 0-0: Swinging Strike
0-1: Ball
1-1: Called Strike
1-2: Foul Ball, location: 2F
1-2: Strikes out swinging
Bottom of the 4th over - 0 run(s), 1 hit(s), 0 error(s), 1 left on base; Put-In-Bay 9 - Syracuse 7
TOP OF THE 5TH
Put-In-Bay BC batting - Pitching for Syracuse Storm : LHP Alfonso Dolton
Batting: RHB Edgar Balerio 0-0: Ball
1-0: Ball
2-0: Ball
3-0: Base on Balls
Batting: RHB Ryan French 0-0: Bunt missed!
0-1: Bunt missed!
0-2: Ball
1-2: Fly out, F8 (Flyball, 8RM)
Batting: RHB Francisco Moreno 0-0: Foul Ball, location: 2F
0-1: Called Strike
0-2: Ball
1-2: Ball
2-2: Strikes out swinging
Pitching: RHP Rich McLean
Batting: LHB Francisco Alfaro 0-0: Called Strike
0-1: Swinging Strike
0-2: Ball
1-2: Ball
2-2: Ball
3-2: Strikes out swinging
Top of the 5th over - 0 run(s), 0 hit(s), 0 error(s), 1 left on base; Put-In-Bay 9 - Syracuse 7
BOTTOM OF THE 5TH
Syracuse Storm batting - Pitching for Put-In-Bay BC : RHP José Macías
Pitching: RHP Raúl González
Batting: RHB António Canales 0-0: Called Strike
0-1: DOUBLE (Line Drive, 89M)
Batting: RHB Phil Sherman 0-0: Called Strike
0-1: Foul Ball, location: 2F
0-2: Ground out 6-3 (Groundball, 6)
António Canales to third
Batting: RHB Eduardo Santos 0-0: Called Strike
0-1: Ball
1-1: Foul Ball, location: 2F
1-2: Foul Ball, location: 2F
1-2: Ball
2-2: Fly out, F8 (Flyball, 8RD)
Runner from 3rd tags up, SCORES, no throw
Batting: RHB Eisse Cals 0-0: Ball
1-0: Called Strike
1-1: Swinging Strike
1-2: Strikes out looking
Bottom of the 5th over - 1 run(s), 1 hit(s), 0 error(s), 0 left on base; Put-In-Bay 9 - Syracuse 8
TOP OF THE 6TH
Put-In-Bay BC batting - Pitching for Syracuse Storm : RHP Rich McLean
Batting: LHB Tural Bishara 0-0: Called Strike
0-1: Swinging Strike
0-2: Ball
1-2: Foul Ball, location: 2F
1-2: Strikes out swinging
Batting: RHB Mark Keys 0-0: Ball
1-0: Called Strike
1-1: Swinging Strike
1-2: Ground out 5-3 (Groundball, 56)
Batting: RHB Sameen Shaw 0-0: Ground out 6-3 (Groundball, 6)
Top of the 6th over - 0 run(s), 0 hit(s), 0 error(s), 0 left on base; Put-In-Bay 9 - Syracuse 8
BOTTOM OF THE 6TH
Syracuse Storm batting - Pitching for Put-In-Bay BC : RHP Raúl González
Batting: RHB Nicholas Manley 0-0: Called Strike
0-1: Ball
1-1: Foul Ball, location: 2F
1-2: Ground out 6-3 (Groundball, 6)
Batting: RHB Tom Boyer 0-0: Foul Ball, location: 2F
0-1: Foul Ball, location: 2F
0-2: Foul Ball, location: 2F
0-2: Ball
1-2: Ball
2-2: Ball
3-2: Base on Balls
Batting: LHB António Paez 0-0: Ball
1-0: SINGLE (Groundball, 6MD)
Tom Boyer to second
Runner from 2nd tries for 3rd, SAFE, no throw
Batting: RHB Enrique Gómez 0-0: Called Strike
0-1: Ball
1-1: Grounds into double play, 6-4-3 (Groundball, 6)
Bottom of the 6th over - 0 run(s), 1 hit(s), 0 error(s), 1 left on base; Put-In-Bay 9 - Syracuse 8
TOP OF THE 7TH
Put-In-Bay BC batting - Pitching for Syracuse Storm : RHP Rich McLean
Batting: RHB Oscar McMillan 0-0: Called Strike
0-1: Ball
1-1: Swinging Strike
1-2: Ball
2-2: Strikes out swinging
Batting: SHB Eugene Clutch 0-0: SINGLE (Groundball, 6MD)
Batting: RHB Edgar Balerio 0-0: Foul Ball, location: 2F
0-1: Ball
1-1: Foul Ball, location: 2F
1-2: Strikes out swinging
Batting: RHB Ryan French 0-0: Ball
Eugene Clutch steals 2nd base
1-0: SINGLE (Line Drive, 78M)
Eugene Clutch to third
Runner from 3rd tries for Home, SAFE, no throw
Batting: RHB Francisco Moreno 0-0: Ball
1-0: Foul Ball, location: 2F
1-1: Ball
2-1: SINGLE (Line Drive, 4MD)
Ryan French to second
Batting: LHB Francisco Alfaro 0-0: Ground out 1-3 (Groundball, P)
Top of the 7th over - 1 run(s), 3 hit(s), 0 error(s), 2 left on base; Put-In-Bay 10 - Syracuse 8
BOTTOM OF THE 7TH
Syracuse Storm batting - Pitching for Put-In-Bay BC : RHP Raúl González
Batting: RHB Tsuginori Kobayashi 0-0: Ball
1-0: DOUBLE (Line Drive, 7LM)
Batting: RHB António Canales 0-0: Ball
Tsuginori Kobayashi steals 3rd base
1-0: Called Strike
1-1: Called Strike
1-2: SINGLE (Line Drive, 6D)
Tsuginori Kobayashi scores
Batting: RHB Phil Sherman 0-0: Sac Bunt - play at first, batter OUT! 4-3
António Canales to second
Pinch Hitting: LHB Phil MacNamara 0-0: Swinging Strike
0-1: Ball
1-1: Ball
2-1: Ball
3-1: Base on Balls
Batting: RHB Eisse Cals 0-0: Ball
1-0: Ball
2-0: Swinging Strike
2-1: Fly out, F7 (Flyball, 78M)
Batting: RHB Nicholas Manley 0-0: Swinging Strike
0-1: Ball
1-1: Foul Ball, location: 2F
1-2: Ball
2-2: Strikes out looking
Bottom of the 7th over - 1 run(s), 2 hit(s), 0 error(s), 2 left on base; Put-In-Bay 10 - Syracuse 9
TOP OF THE 8TH
Put-In-Bay BC batting - Pitching for Syracuse Storm : RHP Rich McLean
Now in LF: Phil MacNamara
Batting: LHB Tural Bishara 0-0: Called Strike
0-1: Ball
1-1: Ball
2-1: Called Strike
2-2: Foul Ball, location: 2F
2-2: Ball
3-2: Strikes out swinging
Batting: RHB Mark Keys 0-0: Called Strike
0-1: Ball
1-1: Ball
2-1: Foul Ball, location: 2F
2-2: Strikes out swinging
Batting: RHB Sameen Shaw 0-0: Ball
1-0: Foul Ball, location: 2F
1-1: Foul Ball, location: 2F
1-2: Strikes out swinging
Top of the 8th over - 0 run(s), 0 hit(s), 0 error(s), 0 left on base; Put-In-Bay 10 - Syracuse 9
BOTTOM OF THE 8TH
Syracuse Storm batting - Pitching for Put-In-Bay BC : RHP Raúl González
Pitching: RHP Esteban Ramos
Now at 2B: Vicente Castaneda
Batting: RHB Tom Boyer 0-0: Ball
1-0: Ball
2-0: Ball
3-0: Called Strike
3-1: Foul Ball, location: 2F
3-2: Ground out 4-3 (Groundball, 4)
Batting: LHB António Paez 0-0: Ball
1-0: Ground out 6-3 (Groundball, 56)
Batting: RHB Enrique Gómez 0-0: Called Strike
0-1: Ball
1-1: Swinging Strike
1-2: SINGLE (Groundball, 56S) (infield hit)
Pinch Hitting: RHB Jim Unknown 0-0: Ball
1-0: Ball
2-0: Fly out, F4 (Line Drive, 4)
Bottom of the 8th over - 0 run(s), 1 hit(s), 0 error(s), 1 left on base; Put-In-Bay 10 - Syracuse 9
TOP OF THE 9TH
Put-In-Bay BC batting - Pitching for Syracuse Storm : RHP Rich McLean
Now in RF: Jim Unknown
Batting: RHB Oscar McMillan 0-0: Ground out 5-3 (Groundball, 56S)
Pitching: RHP Francisco Castillo
Batting: SHB Eugene Clutch 0-0: Ball
1-0: Called Strike
1-1: SINGLE (Groundball, 34D)
Batting: RHB Edgar Balerio 0-0: Ball
1-0: Fly out, F5 (Line Drive, 5D)
Pinch Hitting: RHB Alan McLennan 0-0: Ball
1-0: Ball
2-0: Ball
3-0: Base on Balls
Eugene Clutch to second
Pinch Hitting: RHB Lou Lumsden 0-0: Called Strike
0-1: Ball
1-1: Called Strike
1-2: Foul Ball, location: 2F
1-2: Foul Ball, location: 2F
1-2: Ball
2-2: Foul Ball, location: 2F
2-2: Ball
3-2: Fly out, F6 (Line Drive, 6)
Top of the 9th over - 0 run(s), 1 hit(s), 0 error(s), 2 left on base; Put-In-Bay 10 - Syracuse 9
BOTTOM OF THE 9TH
Syracuse Storm batting - Pitching for Put-In-Bay BC : RHP Esteban Ramos
Pitching: RHP Joaquin Farias
Now at C: Lou Lumsden
Now in LF: Alan McLennan
Batting: RHB António Canales 0-0: Swinging Strike
0-1: Ball
1-1: Foul Ball, location: 2F
1-2: Strikes out swinging, 2-3 out at first.
Batting: RHB Phil Sherman 0-0: Ball
1-0: Called Strike
1-1: Called Strike
1-2: Ball
2-2: Foul Ball, location: 2F
2-2: SINGLE (Groundball, 56D)
Batting: LHB Phil MacNamara 0-0: Swinging Strike
0-1: Ball
1-1: Fly out, F4 (Popup, 4MD)
Batting: RHB Eisse Cals 0-0: Ball
1-0: Ball
2-0: Foul Ball, location: 2F
2-1: Ball
3-1: SINGLE (Groundball, 56) (infield hit)
Phil Sherman to second
Batting: RHB Nicholas Manley 0-0: Foul Ball, location: 2F
0-1: Ball
1-1: Ball
2-1: Ball
3-1: Fly out, F8 (Line Drive, 89M)
Bottom of the 9th over - 0 run(s), 2 hit(s), 0 error(s), 2 left on base; Put-In-Bay 10 - Syracuse 9
Saturday, May 26th, 2018 - OOTP Baseball 17.12 Build 75